 Dungeon Crawl Stone Soup version 0.31.0-9-g3a7656b989 (webtiles) character file.

Game seed: 14185808078885084821

27 qw the Shooter (level 2, -3/14 HPs)
             Began as a Spriggan Hunter on Feb 3, 2024.
             Killed by nerve-wracking pain
             ... invoked by Jessica
              (4 damage)
             ... on level 2 of the Dungeon.
             The game lasted 00:00:03 (853 turns).

qw the Shooter (Spriggan Hunter)                     Turns: 853, Time: 00:00:04

Health: -3/14      AC:  2    Str:  7    XL:     2   Next: 93%
Magic:  3/3        EV: 19    Int: 10    God:
Gold:   19         SH:  0    Dex: 18    Spells: 1/1 levels left

rFire   . . .        a - +0 shortbow
rCold   . . .        (shield currently unavailable)
rNeg    . . .        c - +0 robe
rPois   .            (helmet restricted)
rElec   .            (no cloak)
rCorr   +            (gloves unavailable)
SInv    +            (boots unavailable)
Will    .....        (no amulet)
Stlth   ++           j - ring of resist corrosion
HPRegen 0.22/turn    (no ring)
MPRegen 0.08/turn

%: no passive effects
@: hasted and slowed, very quick
A: very small, no large weapons, unfitting armour, see invisible, speed 3
a: no special abilities


You were on level 2 of the Dungeon.
You visited 1 branch of the dungeon, and saw 2 of its levels.

You collected 19 gold pieces.


Innate Abilities, Weirdness & Mutations

You are very small and have problems with some larger weapons.
You are too small for most types of armour.
You have supernaturally acute eyesight. (SInv)
You cover ground extremely quickly. (Speed+++)


   Skills:
 - Level 1.5 Fighting
 + Level 4.3 Ranged Weapons
 - Level 4.0 Dodging
 - Level 1.5 Stealth


You had one spell level left.
You didn't know any spells.
Your spell library was empty.

Inventory:

Hand Weapons
 a - a +0 shortbow (weapon)
Armour
 c - a +0 robe (worn)
Jewellery
 j - a ring of resist corrosion (left hand)
Scrolls
 b - a scroll of identify
 d - a scroll of enchant weapon {unknown}
Potions
 i - a potion of curing

Dungeon Overview and Level Annotations

Branches:
Dungeon (2/15)

Altars:

Annotations:
D:2 Jessica


Message History

The jackal is heavily wounded.
Jessica the Apprentice Sorceress comes into view.
She is wielding a +0 dagger.
A jackal comes into view.
You shoot an arrow. The arrow barely misses the jackal.
Jessica shouts!
The jackal barks!
Jessica mumbles some strange words.
Jessica blinks!
You shoot an arrow. The arrow barely misses the jackal.
You shoot an arrow. The arrow hits the jackal.
You kill the jackal!
You shoot an arrow. The arrow barely misses the jackal.
You shoot an arrow. The arrow misses the jackal.
The jackal misses you. x2
You shoot an arrow. The arrow hits the jackal.
The jackal is moderately wounded.
The jackal closely misses you.
You shoot an arrow. The arrow closely misses the jackal.
The arrow hits Jessica.
Jessica is heavily wounded.
The jackal closely misses you.
Jessica gestures wildly while chanting.
Jessica blinks!
The jackal closely misses you.
You shoot an arrow. The arrow hits the jackal!
You kill the jackal!
You shoot an arrow. The arrow hits Jessica.
Jessica is almost dead.
Jessica points at you and mumbles some strange words.
You barely resist. You shoot an arrow. The arrow barely misses Jessica.
Jessica gestures at you while chanting.
You feel yourself slow down.
852 ||| DRINKING potion of haste.
You feel yourself speed up.
Jessica mumbles some strange words.
Jessica seems to speed up.
You shoot an arrow. The arrow barely misses Jessica.
Jessica points at you and mumbles some strange words.
Pain shoots through your body!
Ouch! That really hurt!
Jessica points at you and mumbles some strange words.
Pain shoots through your body!
You die...

##...## ... #.
##.....## .....##
#.......#
..#..######.......#
#....[............#
#..........#.....##
##.#..!@. #.......#
....#..#.###.......##
#.#.#@.#......>.....##
#.#....#####..<...#...
#.#.##.# ###...####.
#.#.##.# ##.## #.
#...##.# #.# #.
###.##.# #...###.
..######.##.# ###.....
#......%....########
#####.
......##.#.........##
##


You could see Jessica (fast).

Vanquished Creatures
  An endoplasm (D:1)
  4 giant cockroaches
  2 goblins (D:1)
  3 hobgoblins
  2 jackals (D:2)
  A quokka (D:1)
  2 ball pythons (D:1)
  3 bats (D:1)
  A frilled lizard (D:2)
  A kobold (D:1)
  3 rats (D:1)
23 creatures vanquished.

Notes
Turn   | Place    | Note
-------+----------+-------------------------------------------
     0 | D:1      | qw the Spriggan Hunter began the quest for the Orb.
     0 | D:1      | Reached XP level 1. HP: 10/10 MP: 2/2
     0 | D:1      | 0 ||| qw: Version: 0.3-a-155-g5e7d8dd
     0 | D:1      | 0 ||| qw: Game counter: 3060
     0 | D:1      | 0 ||| qw: Melee chars always use a shield: true
     0 | D:1      | 0 ||| qw: God list: Okawaru
     0 | D:1      | 0 ||| qw: Allow faded altars: false
     0 | D:1      | 0 ||| qw: Do Orc after clearing Dungeon:15 true
     0 | D:1      | 0 ||| qw: Do second Lair branch before Depths: true
     0 | D:1      | 0 ||| qw: Lair rune preference: random
     0 | D:1      | 0 ||| qw: Goals: Normal
     0 | D:1      | 0 ||| PLANNING D:1-11
    78 | D:1      | Reached skill level 3 in Dodging
   143 | D:1      | Reached XP level 2. HP: 14/14 MP: 3/3
   687 | D:1      | 687 ||| DROPPING ring of flight.
   688 | D:1      | 688 ||| UPGRADING to ring of resist corrosion.
   689 | D:1      | 689 ||| READING 5 scrolls labelled REM ETIAPOCKOI.
   689 | D:1      | 689 ||| IDENTIFYING smoky silvery potion
   690 | D:1      | 690 ||| READING 4 scrolls of identify.
   690 | D:1      | 690 ||| IDENTIFYING white potion
   691 | D:1      | 691 ||| READING 3 scrolls of identify.
   691 | D:1      | 691 ||| IDENTIFYING ruby potion
   692 | D:1      | 692 ||| READING 2 scrolls of identify.
   692 | D:1      | 692 ||| IDENTIFYING scroll labelled VEZXOES ZOIG
   693 | D:1      | 693 ||| READING scroll of identify.
   693 | D:1      | 693 ||| IDENTIFYING scroll labelled NUP PIDDONIAK
   694 | D:1      | 694 ||| READING scroll labelled WECUABBEGI.
   695 | D:1      | 695 ||| DROPPING scroll of butterflies.
   696 | D:1      | 696 ||| DROPPING scroll of amnesia.
   697 | D:1      | 697 ||| DROPPING scroll of poison.
   698 | D:1      | 698 ||| DROPPING potion of degeneration.
   841 | D:2      | Noticed Jessica
   852 | D:2      | 852 ||| DRINKING potion of haste.
   853 | D:2      | HP: 1/14 [Jessica/nerve-wracking pain (13)]
   853 | D:2      | Killed from afar by Jessica

Levels and vault maps discovered:
D:1:      eino_arrival_water_star, layout_basic
D:2:      layout_rooms, basic_altar, st_stairs_8, uniq_jessica

Skill      XL: |  1  2 |
---------------+-------+-----
Dodging        | 3 4 |  4.0
Fighting       | |  1.5
Ranged Weapons | |  4.3
Stealth        | |  1.5

Action                     || total
---------------------------++-------
   Fire: Shortbow          ||    58
    Use: Scroll            ||     6
         Potion            ||     1
  Dodge: Dodged            ||     9

Table legend:
 A = Non-vault XP
 B = Vault XP
 C = Vault XP percentage of total XP
 D = Non-vault monster count
 E = Vault monster count
 F = Vault count percentage of total count
                 A         B        C        D         E       F
            +---------+---------+-------+---------+---------+-------
      Total |      39 |       0 |   0.0 |      23 |       0 |   0.0
            +---------+---------+-------+---------+---------+-------
        D:1 |      30 |       0 |   0.0 |      18 |       0 |   0.0
        D:2 |       9 |       0 |   0.0 |       5 |       0 |   0.0
            +---------+---------+-------+---------+---------+-------
